 Dungeon Crawl Stone Soup version 0.19.0 (webtiles) character file.

37 CanadianGator the Cutter (level 3, 0/28 HPs)
             Began as a Vampire Berserker on Nov 21, 2016.
             Was a Follower of Trog.
             Slain by a gnoll
             ... wielding a +0 spear
              (6 damage)
             ... on level 2 of the Dungeon.
             The game lasted 00:05:22 (1495 turns).

CanadianGator the Cutter (Vampire Berserker)        Turns: 1495, Time: 00:05:23

Health: 0/28       AC:  3    Str: 16    XL:     3   Next: 21%
Magic:  3/3        EV: 13    Int:  9    God:    Trog [*.....]
Gold:   61         SH:  0    Dex: 14    Spells: 0 memorised, 2 levels left

rFire  . . .     SeeInvis +     f - +0 dagger
rCold  . . .     Gourm    .     i - +0 leather armour
rNeg   . . .     Faith    .     (no shield)
rPois  .         Spirit   .     (no helmet)
rElec  .         Reflect  .     (no cloak)
rCorr  .         Harm     .     (no gloves)
MR     .....                    (no boots)
Stlth  ++........               (no amulet)
                                (no ring)
                                (no ring)

@: regenerating quickly
A: fangs 3, see invisible, unbreathing
a: Berserk, Burn Spellbooks, Renounce Religion


You were on level 2 of the Dungeon.
You worshipped Trog.
Trog was aware of your devotion.
You were full.

You visited 1 branch of the dungeon, and saw 2 of its levels.

You collected 61 gold pieces.

Inventory:

Hand Weapons
 a - a +0 short sword
 f - a +0 dagger (weapon)
Armour
 b - a +0 animal skin
 i - a +0 leather armour (worn)
Scrolls
 e - 2 scrolls of identify {unknown}
 h - a scroll of immolation {unknown}
 j - 2 scrolls of remove curse {unknown}
 l - a scroll of random uselessness {unknown}
 n - a scroll of fear {unknown}
Potions
 c - 6 potions of blood
 d - a potion of cure mutation {unknown}
 g - a potion of lignification {unknown}
 k - a potion of curing {unknown}
 m - a potion of agility {unknown}


   Skills:
 + Level 2.9 Fighting
 * Level 3.7 Short Blades
 + Level 1.8 Armour
 * Level 2.8 Dodging
 * Level 1.6 Stealth


You had 2 spell levels left.
You didn't know any spells.

Dungeon Overview and Level Annotations

Branches:
Dungeon (2/15)

Altars:


Innate Abilities, Weirdness & Mutations

Your natural rate of healing is unusually fast.
You have razor-sharp teeth.
You have supernaturally acute eyesight. (SInv)
You can survive without breathing.


Message History

You see here a hand axe.
There is an open door here.
You see here 21 sling bullets.
There is an open door here.
You close the door.
A gnoll opens the door.
There is an open door here.
The gnoll shouts!
You hit the gnoll but do no damage. The gnoll barely misses you.
You closely miss the gnoll.
The gnoll hits you from afar with a spear!
The gnoll hits you but does no damage.
The gnoll hits you from afar with a spear!
* * * LOW HITPOINT WARNING * * *
The gnoll hits you from afar with a spear.
* * * LOW HITPOINT WARNING * * *
There is an open door here.
You close the door.
A gnoll opens the door.
The gnoll hits you from afar with a spear.
You die...

#.##.#.##.###.....).## #........#
#.##....#.##......<..###....###.#
#..........'...).....'†..........
####....####...%.....###....###.#
#.#...# ##.......## #.#...##.#
#.>.#.# ##.g...## #.###.##.#
###...# ##gg.## #........# ##.##
##'###########.#### #.#
#@#..(......#.# #.#
#.#.#######.#.# #.# ##.#.# #.#.#
#.# #####....#######.#.#
#.###..................#
#.....###....#######.### #######
##.#.# #.# ###.#######.#
#.........#


You could see 3 gnolls.

Vanquished Creatures
  A worm (D:2)
  A dart slug (D:1)
  A leopard gecko (D:1)
  5 goblins (D:1)
  7 hobgoblins
  A ball python (D:1)
  3 bats (D:1)
  3 frilled lizards
  A kobold (D:1)
  9 rats
32 creatures vanquished.

Notes
Turn   | Place    | Note
-------+----------+-------------------------------------------
     0 | D:1      | CanadianGator the Vampire Berserker began the quest for the Orb.
     0 | D:1      | Reached XP level 1. HP: 17/17 MP: 1/1
   193 | D:1      | Reached XP level 2. HP: 23/23 MP: 2/2
   785 | D:1      | Reached skill level 1 in Stealth
   872 | D:1      | Reached XP level 3. HP: 22/28 MP: 3/3
  1495 | D:2      | Slain by a gnoll

Skill      XL: |  1  2 |
---------------+-------+-----
Stealth        | 1 |  1.6
Fighting       | |  2.9
Short Blades   | |  3.7
Armour         | |  1.8
Dodging        | |  2.8

Action                   || total
-------------------------++-------
Melee: Short sword       ||    32
       Bite              ||    14
       Dagger            ||    90
  Use: Potion            ||     8
 Stab: Sleeping          ||     2
Armor: Animal skin       ||    10
       Leather armour    ||     3
Dodge: Dodged            ||    70
